 Dungeon Crawl Stone Soup version 0.20.0-8-g6b59dc7 (webtiles) character file.

5 straycat the Grasshopper (level 1, 0/16 HPs)
             Began as a Vampire Wanderer on May 30, 2017.
             Slain by a jackal (2 damage)
             ... on level 1 of the Dungeon.
             The game lasted 00:03:10 (228 turns).

straycat the Grasshopper (Vampire Wanderer)          Turns: 228, Time: 00:03:11

Health: 0/16       AC:  2    Str:  9    XL:     1   Next: 66%
Magic:  0/2        EV: 12    Int: 15    God:
Gold:   11         SH:  0    Dex: 14    Spells: 1/2 levels left

rFire    . . .     SeeInvis +   e - +0 dagger
rCold    . . .     Gourm    .   (no shield)
rNeg     + . .     Faith    .   d - +0 robe
rPois    .         Spirit   .   (no helmet)
rElec    .         Reflect  .   (no cloak)
rCorr    .         Harm     .   (no gloves)
MR       .....                  (no boots)
Stlth    ++........             (no amulet)
Regen    0.1/turn               (no ring)
MPRegen  0.1/turn               (no ring)

@: very slightly contaminated
A: fangs 3, see invisible, unbreathing
a: no special abilities


You were on level 1 of the Dungeon.
You were not thirsty.

You visited 1 branch of the dungeon, and saw 1 of its levels.

You collected 11 gold pieces.

Inventory:

Hand Weapons
 e - a +0 dagger (weapon)
Armour
 d - a +0 robe (worn)
Scrolls
 b - a scroll of teleportation
Potions
 f - 2 potions of blood
Books
 a - a book of Minor Magic

   Spells                             Type                      Level
   a - Magic Dart                     Conjuration                  1
   b - Blink                          Translocation                2
   c - Call Imp                       Summoning                    2
   d - Slow                           Hexes                        2
   e - Conjure Flame                  Conjuration/Fire             3
   f - Mephitic Cloud                 Conjuration/Poison/Air       3
 c - the Almanac of the Frostbite

   Spells                             Type                      Level
   a - Throw Frost                    Conjuration/Ice              2
   b - Ensorcelled Hibernation        Hexes/Ice                    2


   Skills:
 - Level 1.7 Fighting
   Level 1.0 Maces & Flails
 - Level 1.0 Throwing
 * Level 1.4 Dodging
 - Level 1.5 Stealth
 - Level 1.0 Spellcasting
   Level 2.4 Translocations
   Level 1.0 Ice Magic


You had one spell level left.
You knew the following spells:

 Your Spells              Type           Power        Failure   Level  Hunger
a - Magic Dart            Conj           #...         24%         1    ##.....


Dungeon Overview and Level Annotations

Branches:
Dungeon (1/15)

Altars:

Annotations:
D:1 1 runed door


Innate Abilities, Weirdness & Mutations

You have razor-sharp teeth.
You have supernaturally acute eyesight. (SInv)
You can survive without breathing.


Message History

The jackal is almost dead.
The jackal misses you. The jackal barely misses you.
The jackal barely misses you.
You hit the jackal.
You kill the jackal!
The jackal bites you.
* * * LOW HITPOINT WARNING * * *
You hit the jackal.
The jackal is lightly wounded.
The jackal bites you.
* * * LOW HITPOINT WARNING * * *
Casting: Magic Dart
Confirm with . or Enter, or press ? or * to list all spells.
Aiming: Magic Dart
Press: ? - help, Shift-Dir - straight line, f - jackal
Aim: a jackal (lightly wounded)
The magic dart hits the jackal.
The jackal is severely wounded.
The jackal closely misses you. The jackal bites you.
You die...

# #..#.# ##### #.#
#.######....# ....r.. #.#
#...........# ......r. #.##
#......#.# J..r... #.$.
#.###.##.#######+#######%..
#.# #)..w#.............#.#
#.# ###..'⌠....###....⌠'.#
#.# #..#.h....<......#...
#.# ##.#@.⌠...>...⌠..#.#.
#.# #.###'#######'###.#!
#)# #.. ..............#
#.......#
######.###..#.#####
.g####### .# #....# .# ##
#.. .# ### ..


You could see a dart slug, a jackal and a rat.

Vanquished Creatures
  2 goblins (D:1)
  A hobgoblin (D:1)
  A jackal (D:1)
4 creatures vanquished.

Notes
Turn   | Place    | Note
-------+----------+-------------------------------------------
     0 | D:1      | straycat the Vampire Wanderer began the quest for the Orb.
     0 | D:1      | straycat set off with: a book of Minor Magic, a scroll of teleportation, the Almanac of the Frostbite, a +0 robe, a +0 dagger, a potion of blood
     0 | D:1      | Reached XP level 1. HP: 16/16 MP: 2/2
     0 | D:1      | Identified the Almanac of the Frostbite
     1 | D:1      | Found a runed door.
    40 | D:1      | Learned a level 1 spell: Magic Dart
    80 | D:1      | Reached skill level 1 in Dodging
   228 | D:1      | Slain by a jackal

Skill      XL: |  1 |
---------------+----+-----
Dodging        | 1 |  1.4
Fighting       | |  1.7
Maces & Flails | |  1.0
Throwing       | |  1.0
Stealth        | |  1.5
Spellcasting   | |  1.0
Translocations | |  2.4
Ice Magic      | |  1.0

Action                   || total
-------------------------++-------
Melee: Dagger            ||    21
       Bite              ||     4
 Cast: Magic Dart        ||     7
  Use: Scroll            ||     1
Armor: Robe              ||    11
Dodge: Dodged            ||    34
